 Dungeon Crawl Stone Soup version 0.23.0-2-g0fe3ce5905 (webtiles) character file.

Game seed: 5929007054166215844

102356 Kass the Fighter (level 16, 0/104 HPs)
             Began as a Gargoyle Fighter on Feb 19, 2019.
             Was the Champion of Ru.
             Slain by an orc warlord
             ... wielding a +0 great mace
              (48 damage)
             ... on level 1 of the Orcish Mines on Feb 20, 2019.
             The game lasted 02:12:29 (27951 turns).

Kass the Fighter (Gargoyle Fighter)                Turns: 27951, Time: 02:12:29

Health: 0/104      AC: 31    Str: 25    XL:     16   Next: 33%
Magic:  21/21      EV:  5    Int: 10    God:    Ru [******]
Gold:   724        SH: 16    Dex: 15    Spells: 15/15 levels left

rFire    . . .     SeeInvis .   u - +2 eveningstar (freeze)
rCold    + + +     Gourm    .   c - +3 shield
rNeg     + + .     Faith    .   d - +1 chain mail of Xusaom {+Blink Regen+ Str-2 Slay+5}
rPois    ∞         Spirit   .   A - +0 helmet
rElec    +         Reflect  .   O - +2 cloak {rPois}
rCorr    .         Harm     .   (no gloves)
MR       +....                  t - +0 pair of boots "Xihox" {rC++ rN+ Int-3 Dex+4}
Stlth    +.........             M - amulet of the acrobat
HPRegen  0.67/turn              r - ring of protection from cold
MPRegen  0.17/turn              V - +6 ring of strength

@: exhausted, lightly drained
A: big wings, repulsion field 1, blurry vision 1, mutation resistance 1,
negative energy resistance 1, electricity resistance, unbreathing, petrification
resistance, rot immunity, hated by all, inability to train dodging, no
necromancy magic, no poison magic, no translocations magic, reduced EV 1,
unskilled 1, AC +12
a: Fly, Draw Out Power, Power Leap, Apocalypse, Renounce Religion, Evoke Blink


You were on level 1 of the Orcish Mines.
You worshipped Ru.
Ru was exalted by your worship.
You were not hungry.

You visited 4 branches of the dungeon, and saw 24 of its levels.
You also visited: Gauntlet and Volcano.

You collected 2058 gold pieces.
You spent 1334 gold pieces at shops.

Inventory:

Hand Weapons
 u - a +2 eveningstar of freezing (weapon)
 z - a +0 hand crossbow
Armour
 c - a +3 shield (worn)
 d - the +1 chain mail of Xusaom (worn) {+Blink Regen+ Str-2 Slay+5}
   (You bought it in a shop on level 15 of the Dungeon)

   It affects your strength (-2).
   It affects your accuracy and damage with ranged weapons and melee attacks
   (+5).
   It lets you blink.
   It increases your rate of regeneration.
 t - the +0 pair of boots "Xihox" (worn) {rC++ rN+ Int-3 Dex+4}
   (You found it in a volcano)

   It affects your intelligence (-3).
   It affects your dexterity (+4).
   It greatly protects you from cold.
   It protects you from negative energy.
 A - a +0 helmet (worn)
 D - the +7 Kryia's mail coat {PotionHeal*2 rC+}
   (You found it in a Gauntlet)

   It protects you from cold.
 L - a +1 chain mail of fire resistance
 O - a +2 cloak of poison resistance (worn)
Jewellery
 a - an uncursed ring of see invisible
 m - an uncursed ring of resist corrosion
 r - a ring of protection from cold (left hand)
 s - an uncursed ring of fire
 C - an uncursed ring of positive energy
 G - a +2 ring of protection
 J - a +2 ring of intelligence
 M - an amulet of the acrobat (around neck)
 N - an uncursed ring of protection from fire
 R - a +4 ring of dexterity
 V - a +6 ring of strength (right hand)
Wands
 b - a wand of random effects (66)
 j - a wand of iceblast (21)
 l - a wand of digging (11)
 H - a wand of paralysis (30)
 I - a wand of polymorph (16)
 Q - a wand of acid (12)
 T - a wand of flame (21)
 U - a wand of scattershot (5)
 Z - a wand of disintegration (9)
Scrolls
 g - 2 scrolls of magic mapping
 i - 8 scrolls of teleportation
 k - 10 scrolls of identify
 o - 16 scrolls of remove curse
 q - 4 scrolls of fog
 v - a scroll of holy word {unknown}
 w - 4 scrolls of amnesia
 y - 2 scrolls of enchant armour
 K - a scroll of immolation {unknown}
 P - 7 scrolls of blinking
Potions
 e - a potion of lignification
 h - 2 potions of cancellation
 n - 3 potions of magic
 p - 7 potions of mutation
 x - 3 potions of brilliance
 B - 5 potions of haste
 E - 7 potions of curing
 F - 2 potions of berserk rage
 S - 3 potions of resistance
 Y - 5 potions of heal wounds
Miscellaneous
 W - a lightning rod (3/4)
Comestibles
 f - 38 rations


   Skills:
 + Level 13.4(13.0) Fighting
 + Level 12.3(11.9) Maces & Flails
 + Level 12.3(11.8) Armour
 + Level 8.0(7.6) Stealth
 + Level 12.3(11.8) Shields
 + Level 7.8(7.4) Evocations


You had 15 spell levels left.
You didn't know any spells.
Your spell library contained the following spells:

 Spells                   Type           Power        Failure   Level  Hunger
 Sandblast                Erth           #.....       95%         1    ##.....
 Shock                    Conj/Air       #...         95%         1    ##.....
 Passwall                 Tmut/Erth      #.......     99%         2    ###....
 Swiftness                Chrm/Air       #.......     99%         2    ###....
 Static Discharge         Conj/Air       #.......     100%        3    ####...
 Stone Arrow              Conj/Erth      #.....       100%        3    ####...
 Airstrike                Air            #.........   100%        4    #####..
 Petrify                  Tmut/Erth      #.......     100%        4    #####..
 Lee's Rapid Deconstruct  Erth           #.........   100%        5    ######.
 Lightning Bolt           Conj/Air       #.........   100%        5    ######.
 Summon Small Mammal      Summ           Unusable     N/A         1    N/A
 Call Imp                 Summ           Unusable     N/A         2    N/A
 Call Canine Familiar     Summ           Unusable     N/A         3    N/A
 Summon Guardian Golem    Hex/Summ       Unusable     N/A         3    N/A
 Summon Ice Beast         Ice/Summ       Unusable     N/A         4    N/A
 Summon Lightning Spire   Summ/Air       Unusable     N/A         4    N/A

Dungeon Overview and Level Annotations

Branches:
Dungeon (15/15)            Temple (1/1) D:7            Lair (6/6) D:11
  Swamp (0/4) Lair:3       Spider (0/4) Lair:3        Slime (0/5) Lair:6
    Orc (2/2) D:9          Vaults (0/5) D:14         Depths (0/5) D:15
    Elf: Orc:2

Altars:
Ashenzari
Cheibriados
Dithmenos
Elyvilon
Fedhas
Gozag
Hepliaklqana
Kikubaaqudgha
Makhleb
Nemelex Xobeh
Okawaru
Qazlal
Ru
Sif Muna
Trog
Uskayaw
Vehumet
Wu Jian
Xom
Yredelemnul
Zin
The Shining One
Jiyva
Lugonu

Shops:
D:5 :   D:6 (   D:13 !   D:14 ?   D:15 [

Annotations:
D:3 3 runed translucent doors, PeterQ's ghost, amateur GnGl
D:13 3 runed translucent doors, Yakui's ghost, journeyman DEEn
D:14 exclusion: Roxanne, Roxanne


Innate Abilities, Weirdness & Mutations

You are resistant to torment.
Your stone body is resilient. (AC +12)
You are immune to poison.
Your large and strong wings let you fly indefinitely.
You resist negative energy. (rN+)
You are resistant to electric shocks. (rElec)
You can survive without breathing.
You are immune to petrification.
You are immune to rotting.
You are hated by all.
You cannot train Dodging skill.
You cannot study or cast Necromancy magic.
You cannot study or cast Poison magic.
You cannot study or cast Translocations magic.
You have somewhat slow reflexes. (EV -5)
You are somewhat unskilled. (-1 Apt)
You are surrounded by a mild repulsion field. (EV +2)
Scrolls take you a little longer to read.
You are somewhat resistant to further mutation.


Message History

The orc warlord is moderately wounded.
You block the orc's attack.
The orc warlord hits you with a +0 great mace!!
You focus your will and slow the orc warlord in retribution!
The orc knight hits you with a +2 great sword!
You focus your will and paralyse the orc knight in retribution!
You are restored by drawing out deep reserves of power within.
You feel drained. You block the orc's attack.
You barely miss the orc warlord.
The orc warlord is moderately wounded.
The orc warlord hits you with a +0 great mace!!
You redirect the orc's attack!
The orc closely misses itself.
You puncture the orc warlord! You freeze the orc warlord.
The orc warlord is heavily wounded.
You sock the orc warlord! You freeze the orc warlord.
The orc warlord is heavily wounded.
The orc hits you but does no damage.
The orc warlord hits you with a +0 great mace!!!
You die...

##.....######.#.....#.###
####..........#........##.#.
##.#...........#...........#.
#.............##.............
#........#.#.......#.#.......
#......#####......#####......
##.......#.#........####.....
#.......#.o[).#.....##).....
##......#..@..###)[...)..###
##.#......oo.##..[)...)## #
###........####..).....###
#......### ##......##.##
###......###.......#..<#
###........##.......#..##
##.....^....##....#......#
####............#....#.......
##.#......#..........##.#....#


You could see an orc warlord, an orc knight (paralysed) and an orc.

Vanquished Creatures
  Rupert (D:14)
  Nessos (D:14)
  A dire elephant (D:15)
  A minotaur (Gauntlet)
  A death ooze (Gauntlet)
  Josephine (D:10)
  4 hydras
  5 centaur warriors
  5 tengu warriors
  2 two-headed ogres
  2 orc high priests
  A death yak (D:10)
  Urug (D:13)
  Nergalle (Lair:2)
  4 skeletal warriors (D:15)
  2 cherubim (D:13)
  A sea snake (shapeshifter) (Gauntlet)
  An orc knight (Orc:1)
  6 ugly things
  A necromancer (Gauntlet)
  7 manticores
  A shining eye (shapeshifter) (D:14)
  A deep elf mage (D:15)
  An orc sorcerer (Volcano)
  An oklob plant (Lair:1)
  3 elephants (Lair:6)
  A smoke demon (Volcano)
  3 black mambas
  A centaur zombie (D:15)
  4 gargoyles
  17 spiny frogs
  A yaktaur (shapeshifter) (D:14)
  A kobold demonologist (D:13)
  8 rime drakes
  A freezing wraith (D:14)
  8 komodo dragons
  A queen bee (D:11)
  A red devil (Volcano)
  2 tengu conjurers (Gauntlet)
  A jumping spider (Lair:3)
  2 polar bears (Lair:6)
  4 trolls
  2 slime creatures (D:14)
  2 tyrant leeches (Lair:6)
  Prince Ribbit (D:5)
  20 blink frogs
  17 hippogriffs
  Sigmund (D:4)
  A redback (Lair:3)
  A spriggan (D:8)
  17 yaks
  5 wraiths
  A yak (shapeshifter) (D:13)
  11 basilisks
  9 wyverns
  2 hungry ghosts
  11 vampire mosquitoes
  A soldier ant (shapeshifter) (D:14)
  A naga (shapeshifter) (D:14)
  3 hell hounds (Volcano)
  9 water moccasins
  7 porcupines
  7 ice beasts
  14 orc warriors
  A black bear (D:11)
  A black bear (shapeshifter) (Gauntlet)
  5 sky beasts
  4 ogres
  A phantom (D:8)
  3 necrophages
  10 wolves
  15 centaurs
  An elf zombie (D:11)
  13 crocodiles
  2 big kobolds
  26 bullfrogs
  A gnoll sergeant (D:6)
  3 wyvern zombies
  2 wyvern skeletons (D:12)
  2 scorpions
  A troll zombie (D:11)
  23 killer bees
  4 jellies
  19 wights
  5 howler monkeys
  A bullfrog zombie (D:5)
  7 crimson imps
  4 human zombies (D:11)
  2 hounds
  Crazy Yiuf (D:5)
  4 bullfrog skeletons
  12 orc priests
  3 centaur skeletons
  A human skeleton (D:11)
  4 iguanas
  18 orc wizards
  10 worker ants
  2 hound zombies
  3 hound skeletons
  3 mummies (D:11)
  13 gnolls
  20 adders
  A river rat (D:4)
  5 shadow imps
  2 adder zombies
  An adder skeleton (D:5)
  3 worms
  11 dart slugs
  6 leopard geckos
  49 orcs
  6 ball pythons
  7 giant cockroaches
  11 goblins
  10 hobgoblins
  6 jackals
  7 quokkas
  3 bats
  8 frilled lizards
  A giant cockroach zombie (D:5)
  15 kobolds
  A quokka skeleton (D:5)
  A quokka zombie (D:5)
  8 rats
  A bush (Lair:1)
  A fungus (Lair:5)
669 creatures vanquished.

Vanquished Creatures (others)
  2 hydras (Lair:4)
  2 two-headed ogres
  A dancing weapon (D:13)
  A tyrant leech (Lair:6)
  A hippogriff (D:15)
  A vampire mosquito (Lair:6)
  An orc warrior (D:7)
  A black bear (D:6)
  An ogre (D:14)
  2 centaurs (D:13)
  A wolf (Gauntlet)
  2 crocodiles (Lair:6)
  A bullfrog (D:15)
  A killer bee (D:11)
  2 orcs
  15 fungi
  59 plants
94 creatures vanquished.

Grand Total: 763 creatures vanquished

Notes
Turn   | Place    | Note
-------+----------+-------------------------------------------
     0 | D:1      | Kass the Gargoyle Fighter began the quest for the Orb.
     0 | D:1      | Reached XP level 1. HP: 14/14 MP: 1/1
    59 | D:1      | Reached XP level 2. HP: 20/20 MP: 2/2
    87 | D:1      | Reached skill level 4 in Fighting
   245 | D:1      | Reached XP level 3. HP: 24/24 MP: 3/3
   442 | D:2      | Found a blossoming altar of Fedhas.
   558 | D:2      | Reached skill level 5 in Fighting
   977 | D:2      | Reached XP level 4. HP: 31/31 MP: 4/4
  1393 | D:3      | Reached skill level 6 in Fighting
  1424 | D:3      | Reached XP level 5. HP: 36/36 MP: 5/5
  1726 | D:3      | Found a sacrificial altar of Ru.
  1764 | D:3      | Found a runed translucent gate.
  1765 | D:3      | Found a runed translucent gate.
  1766 | D:3      | Found a runed translucent gate.
  1768 | D:3      | Noticed PeterQ's ghost (amateur GnGl)
  2179 | D:3      | Became a worshipper of Ru the Awakened
  2228 | D:4      | Reached skill level 7 in Fighting
  2259 | D:3      | Reached XP level 6. HP: 23/44 MP: 6/6
  2653 | D:3      | Gained mutation: Scrolls take you a little longer to read.
                  | [potion of mutation]
  2653 | D:3      | Gained mutation: You are surrounded by a mild repulsion
                  | field. (EV +2) [potion of mutation]
  2653 | D:3      | Gained mutation: You are somewhat resistant to further
                  | mutation. [potion of mutation]
  2655 | D:3      | HP: 1/44 [gnoll (4)]
  3150 | D:4      | Upgraded the game from 0.23.0 to 0.23.0-2-g0fe3ce5905
  3231 | D:4      | Noticed Sigmund
  3273 | D:4      | Killed Sigmund
  3273 | D:4      | Reached XP level 7. HP: 32/48 MP: 7/7
  3371 | D:4      | Reached skill level 8 in Fighting
  3794 | D:4      | Reached XP level 8. HP: 49/54 MP: 8/8
  4152 | D:4      | Gained mutation: You are somewhat unskilled. (-1 Apt) [Ru
                  | sacrifice]
  4152 | D:4      | Reduced skill Fighting to level 7
  4152 | D:4      | Reached * piety under Ru
  4189 | D:5      | Entered Level 5 of the Dungeon
  4248 | D:5      | Found Norghypsy's Book Boutique.
  4248 | D:5      | Found an ornate altar of the Wu Jian Council.
  4462 | D:5      | Noticed Prince Ribbit
  4471 | D:5      | Killed Prince Ribbit
  4471 | D:5      | Reached skill level 8 in Fighting
  4471 | D:5      | Reached skill level 5 in Armour
  4471 | D:5      | Reached skill level 5 in Shields
  5390 | D:5      | Found a runed translucent door.
  5391 | D:5      | Noticed Crazy Yiuf
  5753 | D:5      | Killed Crazy Yiuf
  5921 | D:6      | Reached XP level 9. HP: 55/59 MP: 9/9
  6210 | D:6      | Found Omontush's Antique Weapon Emporium.
  6634 | D:7      | Reached skill level 5 in Maces & Flails
  7341 | D:8      | Found a glowing silver altar of Zin.
  7341 | D:8      | Found an opulent altar of Gozag.
  7391 | D:8      | Reached skill level 9 in Fighting
  7445 | D:8      | Gained mutation: You cannot study or cast Poison magic. [Ru
                  | sacrifice]
  7445 | D:8      | Gained mutation: You cannot study or cast Necromancy magic.
                  | [Ru sacrifice]
  7445 | D:8      | Gained mutation: You cannot study or cast Translocations
                  | magic. [Ru sacrifice]
  7445 | D:8      | Reached ** piety under Ru
  7445 | D:8      | Reached *** piety under Ru
  7515 | D:8      | Found a hide-covered altar of Uskayaw.
  7705 | D:8      | Noticed a manticore
  7721 | D:8      | Killed a manticore
  7721 | D:8      | Reached XP level 10. HP: 10/66 MP: 10/10
  8923 | D:7      | Found a staircase to the Ecumenical Temple.
  9090 | D:7      | Found an ancient bone altar of Kikubaaqudgha.
  9164 | Temple   | Entered the Ecumenical Temple
  9325 | D:7      | Found a sparkling altar of Nemelex Xobeh.
  9326 | D:7      | Found a bloodstained altar of Trog.
  9326 | D:7      | Found a deep blue altar of Sif Muna.
  9326 | D:7      | Found a blossoming altar of Fedhas.
  9327 | D:7      | Found a basalt altar of Yredelemnul.
  9329 | D:7      | Found a shadowy altar of Dithmenos.
  9330 | D:7      | Found an iron altar of Okawaru.
  9331 | D:7      | Found a snail-covered altar of Cheibriados.
  9825 | D:9      | Reached skill level 10 in Fighting
 10438 | D:9      | Reached XP level 11. HP: 72/72 MP: 11/11
 10832 | D:9      | Gained mutation: You cannot train Dodging skill. [Ru
                  | sacrifice]
 10832 | D:9      | Reached **** piety under Ru
 11233 | D:9      | Found a staircase to the Orcish Mines.
 11372 | D:10     | Entered Level 10 of the Dungeon
 11452 | D:10     | Reached skill level 1 in Stealth
 11517 | D:10     | Noticed Josephine
 11536 | D:10     | Killed Josephine
 11536 | D:10     | Reached skill level 1 in Evocations
 12420 | D:11     | Noticed a death yak
 12485 | D:10     | Killed a death yak
 13332 | D:11     | Noticed a two-headed ogre
 13342 | D:11     | Killed a two-headed ogre
 13553 | D:11     | Found a basalt altar of Yredelemnul.
 13709 | D:11     | Found a staircase to the Lair.
 13721 | D:11     | Gained mutation: You are hated by all. [Ru sacrifice]
 13721 | D:11     | Reached ***** piety under Ru
 13795 | D:11     | Reached XP level 12. HP: 69/79 MP: 14/14
 14012 | D:12     | Found a gate leading to a gauntlet.
 14022 | Gauntlet | Entered a Gauntlet
 14022 | Gauntlet | Found a large runed translucent door.
 14022 | Gauntlet | Found a large runed translucent door.
 14022 | Gauntlet | Found a large runed translucent door.
 14022 | Gauntlet | Found a large runed translucent door.
 14022 | Gauntlet | Found a runed translucent door.
 14022 | Gauntlet | Found a large runed translucent door.
 14022 | Gauntlet | Found a large runed translucent door.
 14022 | Gauntlet | Found a transporter.
 14022 | Gauntlet | Found a transporter.
 14022 | Gauntlet | Found a large runed translucent door.
 14022 | Gauntlet | Found a large runed translucent door.
 14022 | Gauntlet | Found a runed translucent gate.
 14022 | Gauntlet | Found a runed translucent gate.
 14022 | Gauntlet | Found a transporter.
 14022 | Gauntlet | Noticed a death ooze
 14033 | Gauntlet | Noticed a death scarab
 14037 | Gauntlet | Noticed a death scarab
 14043 | Gauntlet | Found a transporter.
 14047 | Gauntlet | Found a transporter.
 14057 | Gauntlet | Found a transporter.
 14066 | Gauntlet | Noticed a thrashing horror
 14077 | Gauntlet | Noticed a tengu warrior
 14078 | Gauntlet | Found a transporter.
 14090 | Gauntlet | Found a runed translucent gate.
 14091 | Gauntlet | Found the +7 Kryia's mail coat {PotionHeal*2 rC+}
 14092 | Gauntlet | Found a large runed translucent door.
 14093 | Gauntlet | Found a large runed translucent door.
 14095 | Gauntlet | Found a transporter.
 14137 | Gauntlet | Found a transporter.
 14155 | Gauntlet | Found a transporter.
 14163 | Gauntlet | Found a transporter.
 14183 | Gauntlet | Found a transporter.
 14185 | Gauntlet | Found a large runed translucent door.
 14186 | Gauntlet | Found a large runed translucent door.
 14187 | Gauntlet | Found a large runed translucent door.
 14187 | Gauntlet | Found a large runed translucent door.
 14187 | Gauntlet | Found a large runed translucent door.
 14187 | Gauntlet | Found a large runed translucent door.
 14188 | Gauntlet | Found a runed translucent door.
 14213 | Gauntlet | Killed a death ooze
 14213 | Gauntlet | Reached skill level 11 in Fighting
 14613 | Gauntlet | Killed a tengu warrior
 14701 | Gauntlet | Noticed a minotaur
 14710 | Gauntlet | Killed a minotaur
 15375 | D:13     | Reached skill level 5 in Stealth
 15383 | D:13     | Found Gazag's Distillery.
 15390 | D:13     | Bought a potion of curing for 39 gold pieces
 15390 | D:13     | Bought a potion of resistance for 130 gold pieces
 15390 | D:13     | Bought a potion of heal wounds for 65 gold pieces
 15390 | D:13     | Bought a potion of heal wounds for 65 gold pieces
 15390 | D:13     | Bought 2 potions of haste for 260 gold pieces
 15393 | D:13     | Noticed a centaur warrior
 15417 | D:13     | Killed a centaur warrior
 15693 | D:13     | Noticed Urug
 15702 | D:13     | Killed Urug
 15745 | D:13     | Reached skill level 10 in Shields
 15751 | D:13     | Reached skill level 10 in Armour
 16098 | D:13     | Reached XP level 13. HP: 84/84 MP: 16/16
 16158 | D:13     | Gained mutation: You have somewhat slow reflexes. (EV -5)
                  | [Ru sacrifice]
 16158 | D:13     | Reached ****** piety under Ru
 16339 | D:13     | Noticed Yakui's ghost (journeyman DEEn)
 16342 | D:13     | Noticed a minotaur
 16352 | D:13     | Found a runed translucent gate.
 16352 | D:13     | Found a runed translucent gate.
 16352 | D:13     | Found a runed translucent gate.
 17064 | D:14     | Reached skill level 5 in Evocations
 17391 | D:14     | Found an opulent altar of Gozag.
 17476 | D:14     | Noticed Roxanne
 17492 | D:14     | Noticed Rupert
 17493 | D:14     | Paralysed by Rupert for 2 turns
 17524 | D:14     | Paralysed by Rupert for 5 turns
 17552 | D:14     | Paralysed by Rupert for 4 turns
 17556 | D:14     | Killed Rupert
 17556 | D:14     | Reached skill level 12 in Fighting
 17736 | D:14     | Noticed Nessos
 17743 | D:14     | Killed Nessos
 17785 | D:14     | Found Ibomnear's Magic Scroll Emporium.
 17788 | D:14     | Bought a scroll of enchant armour for 90 gold pieces
 17788 | D:14     | Bought a scroll of enchant armour for 90 gold pieces
 17788 | D:14     | Bought 2 scrolls of teleportation for 72 gold pieces
 18268 | D:14     | Found a gate to the Vaults.
 18631 | D:15     | Entered Level 15 of the Dungeon
 18757 | D:15     | Gained mutation: Your large and strong wings let you fly
                  | indefinitely. [Gargoyle growth]
 18757 | D:15     | Reached XP level 14. HP: 90/92 MP: 18/18
 18768 | D:15     | Found Vin Seud's Armour Boutique.
 18946 | D:15     | Reached skill level 10 in Maces & Flails
 19592 | Lair:1   | Entered Level 1 of the Lair of Beasts
 20109 | Lair:1   | Found a dark tunnel.
 20127 | Volcano  | Entered a volcano
 20375 | Volcano  | Got a pair of jewelled boots
 20516 | Lair:1   | Identified the +0 pair of boots "Xihox" {rC++ rN+ Int-3
                  | Dex+4} (You found it in a volcano)
 20602 | Lair:1   | Reached XP level 15. HP: 97/97 MP: 19/19
 21255 | Lair:2   | Noticed Nergalle
 21260 | Lair:2   | Killed Nergalle
 22125 | Lair:3   | Found a staircase to the Swamp.
 22321 | Lair:3   | Found a hole to the Spider Nest.
 22524 | Lair:3   | You fall through a shaft for 2 floors!
 22987 | Lair:4   | You fall through a shaft for 2 floors!
 22987 | Lair:6   | Entered Level 6 of the Lair of Beasts
 23103 | Lair:6   | Reached skill level 13 in Fighting
 23575 | Lair:6   | Found a staircase to the Slime Pits.
 23576 | Lair:6   | Found a viscous altar of Jiyva.
 25530 | Lair:6   | Reached XP level 16. HP: 104/104 MP: 21/21
 26732 | D:15     | Found a staircase to the Depths.
 27300 | D:15     | Bought the +1 chain mail of Xusaom {+Blink Regen+ Str-2
                  | Slay+5} for 523 gold pieces
 27514 | Orc:1    | Entered Level 1 of the Orcish Mines
 27838 | Orc:2    | Entered Level 2 of the Orcish Mines
 27951 | Orc:1    | Slain by an orc warlord

Skill      XL: |  1  2  3  4  5  6  7  8  9 10 11 12 13 14 15 16 |
---------------+-------------------------------------------------+-----
Fighting       | 4 5 6 7 8 8 9 10 11 12 13 | 13.4
Maces & Flails | 3 4 6 7 8 9 11 12 | 12.3
Armour         | 4 5 6 8 9 10 11 12 | 12.3
Shields        | 4 5 7 8 9 10 11 12 | 12.3
Stealth        | 3 5 7 8 |  8.0
Evocations     | 2 4 5 6 7 |  7.8

Action                   |  1- 3 |  4- 6 |  7- 9 | 10-12 | 13-15 | 16-18 || total
-------------------------+-------+-------+-------+-------+-------+-------++-------
Melee: Flail             |   162 |   262 |   621 |   400 |       |       ||  1445
       Unarmed           |       |       |     2 |       |       |       ||     2
       Morningstar       |       |       |       |   657 |       |       ||   657
       Eveningstar       |       |       |       |    87 |   911 |   224 ||  1222
Invok: Sacrifice Skill   |       |       |     1 |       |       |       ||     1
       Sacrifice Arcana  |       |       |     1 |       |       |       ||     1
       Draw Out Power    |       |       |       |     1 |     1 |     1 ||     3
       Power Leap        |       |       |       |     3 |     2 |       ||     5
       Sacrifice Love    |       |       |       |     1 |       |       ||     1
       Sacrifice Nimblen |       |       |       |     1 |       |       ||     1
       Sacrifice Health  |       |       |       |       |     1 |       ||     1
Evoke: Wand              |       |       |       |     1 |       |       ||     1
       Lightning rod     |       |       |       |       |     4 |       ||     4
  Use: Potion            |       |     6 |     1 |     2 |     2 |       ||    11
       Scroll            |       |       |       |    21 |     9 |       ||    30
 Stab: Paralysed         |       |     1 |       |     5 |     1 |     1 ||     8
       Distracted        |       |       |     1 |    13 |     7 |     1 ||    22
       Invisible         |       |       |       |     8 |     5 |     5 ||    18
       Sleeping          |       |       |       |     1 |    10 |       ||    11
  Eat: Chunk             |     1 |     4 |    12 |    21 |    22 |    10 ||    70
       Ration            |       |     1 |     1 |     3 |     3 |       ||     8
Armor: Scale mail        |    92 |   210 |   273 |   272 |   412 |    88 ||  1347
       Chain mail        |       |       |       |   218 |    17 |    25 ||   260
Dodge: Dodged            |    59 |    95 |   189 |   446 |   212 |    48 ||  1049
Block: Shield            |    91 |   166 |   298 |   639 |   689 |   160 ||  2043
